 Dungeon Crawl Stone Soup version 0.28-a0-245-g639a1a48b9 (webtiles) character file.

Game seed: 8433529914860446228

161 sanka the Distorting Palentonga (level 5, -4/43 HPs)
             Began as a Palentonga Abyssal Knight on Aug 24, 2021.
             Was a Believer of Lugonu.
             Slain by a worm (5 damage)
             ... on level 4 of the Dungeon.
             The game lasted 00:05:40 (4116 turns).

sanka the Distorting Palentonga (PaAK)              Turns: 4116, Time: 00:05:41

Health: -4/43      AC:  6    Str: 16    XL:     5   Next: 18%
Magic:  9/9        EV:  9    Int: 13    God:    Lugonu [**....]
Gold:   141        SH:  0    Dex:  9    Spells: 4/4 levels left

rFire   . . .      SeeInvis +   a - +1 hand axe
rCold   + . .      Faith    .   (no shield)
rNeg    . . .      Spirit   .   b - +0 leather armour
rPois   .          Reflect  .   (no helmet)
rElec   .          Harm     .   i - +0 cloak
rCorr   .          Rampage  .   f - +0 pair of gloves
Will    .....                   (no barding)
Stlth   +.........              (no amulet)
HPRegen 0.14/turn               (no ring)
MPRegen 0.11/turn               o - ring of protection from cold

@: no status effects
A: large, rugged brown scales 3, see invisible, deformed body, roll 1, armoured
tail
a: Rolling Charge, Renounce Religion, Depart the Abyss, Bend Space


You were on level 4 of the Dungeon.
You worshipped Lugonu.
Lugonu was pleased with you.
You visited 1 branch of the dungeon, and saw 4 of its levels.
You visited the Abyss 1 time.

You collected 141 gold pieces.


Innate Abilities, Weirdness & Mutations

You are completely covered in rugged brown scales. (AC +3, +7% HP)
You have supernaturally acute eyesight. (SInv)
Armour fits poorly on your strangely shaped body.
You can roll at nearby foes to attack.
You have a long armoured tail.


   Skills:
 - Level 3.0 Fighting
 - Level 2.0 Axes
 - Level 1.5 Armour
 - Level 0.7 Dodging
 + Level 5.9 Invocations


You had 4 spell levels left.
You didn't know any spells.
Your spell library contained the following spells:

 Spells                   Type           Power      Damage    Failure   Level
 Foxfire                  Conj/Fire      0%         2x1d4     36%         1
 Blink                    Tloc           N/A        N/A       50%         2
 Static Discharge         Conj/Air       0%         N/A       50%         2
 Inner Flame              Hex/Fire       0%         N/A       75%         3
 Cause Fear               Hex            0%         N/A       98%         4
 Lightning Bolt           Conj/Air       0%         1d11      100%        5
 Manifold Assault         Tloc           0%         N/A       100%        5
 Storm Form               Tmut/Air       0%         N/A       100%        7
 Discord                  Hex            0%         N/A       100%        8
 Maxwell's Capacitive Co  Air            0%         ∞         100%        8

Inventory:

Hand Weapons
 a - a +1 hand axe (weapon)
Missiles
 n - 13 poisoned darts
Armour
 b - a +0 leather armour (worn)
 f - a +0 pair of gloves (worn)
 i - a +0 cloak (worn)
Jewellery
 o - a ring of protection from cold (right hand)
Scrolls
 c - a scroll of torment {unknown}
 d - 4 scrolls of identify {unknown}
 e - a scroll of fog {unknown}
 k - a scroll of noise {unknown}
 q - a scroll of enchant weapon {unknown}
Potions
 g - 2 potions of degeneration {unknown}
 h - a potion of flight {unknown}
 j - a potion of might {unknown}
 l - a potion of heal wounds {@q2}
 m - 2 potions of curing {unknown}
 p - a potion of haste {unknown}

Dungeon Overview and Level Annotations

Branches:
Dungeon (4/15)
 Temple: D:4-7

Altars:
Hepliaklqana
Makhleb

Shops:
D:2 :

Annotations:
D:4 Edmund

.........▒ ...▒▒▒ ▒......▒ ......
▒▒▒▒▒▒......▒ ......
▒▒▒...▒▒......▒▒ ..?..?
...............▒ ......
(..............▒▒▒▒▒▒▒▒▒▒ ......
.......................<. ......
▒.▒............▒▒.▒▒▒▒▒▒▒▒.......
▒.▒...........°°Hw.>...........
.......▒▒▒▒.......▒▒.........
.......▒ ▒........▒▒........
.......▒ ▒[.......▒▒........
...▒▒▒.▒ ▒........▒▒........
▒...<▒.▒ ▒....▒...▒▒........
▒▒▒▒▒▒.▒ ▒....▒...▒▒........ ...
▒........▒▒........ .▒


You could see a worm.


Message History

The worm bites you!
* * * LOW HITPOINT WARNING * * *
You barely miss the worm.
The worm is moderately wounded.
The worm barely misses you.
You slash the worm!
The worm is severely wounded.
The worm bites you.
* * * LOW HITPOINT WARNING * * *
You barely miss the worm.
The worm is severely wounded.
You hit the worm.
The worm is severely wounded.
The worm bites you!
* * * LOW HITPOINT WARNING * * *
You hit the worm.
The worm is almost dead.
The worm bites you.
* * * LOW HITPOINT WARNING * * *
You roll forward with a clatter of scales!
You barely miss the worm.
The worm is severely wounded.
You hear a shout!
The worm bites you.
* * * LOW HITPOINT WARNING * * *
You barely miss the worm. You tail-slap the worm.
The worm is almost dead.
The worm bites you.
You die...

Action                   |  1- 3 |  4- 6 || total
-------------------------+-------+-------++-------
Melee: Hand axe          |   117 |   101 ||   218
       Tailslap          |     9 |     6 ||    15
 Abil: Rolling Charge    |     2 |     1 ||     3
  Use: Potion            |     2 |       ||     2
Armor: Leather armour    |    57 |    41 ||    98
Dodge: Dodged            |    61 |    53 ||   114

Levels and vault maps discovered:
D:1:      matt_arrival_debris, layout_basic,
          shapermc_ecumenical_altar_rom_forum, st_stairs_2, minmay_unequal
D:2:      minmay_razor_zed, layout_basic, serial_shops, nicolae_lakefront_shop
D:3:      layout_basic, mainiacjoe_overflow_chevrons,
          nicolae_hepliaklqana_hazy_memory
D:4:      layout_basic, nzn_overflow_gifts_of_might_and_magic,
          minmay_temple_entry_mini_moons, uniq_edmund, uniq_grinder,
          uniq_eustachio

Notes
Turn   | Place    | Note
-------+----------+-------------------------------------------
     0 | Abyss:1  | sanka the Palentonga Abyssal Knight began the quest for the
                  | Orb.
     0 | Abyss:1  | Reached XP level 1. HP: 19/19 MP: 2/2
    50 | D:1      | Escaped the Abyss
   288 | D:1      | Found a faded altar of an unknown god.
   297 | D:1      | Got Plato's Handbook of the Arsonist
   436 | D:1      | Reached XP level 2. HP: 24/25 MP: 4/4
   503 | D:1      | Reached skill level 3 in Invocations
  1076 | D:2      | Reached ** piety under Lugonu
  1168 | D:2      | Found Fiafioma's Book Emporium.
  1288 | D:2      | Reached XP level 3. HP: 31/31 MP: 5/5
  1343 | D:2      | Reached skill level 4 in Invocations
  1494 | D:2      | HP: 3/31 [poisoned by an adder]
  1698 | D:2      | HP: 2/31 [adder (2)]
  2012 | D:2      | Reached XP level 4. HP: 33/37 MP: 7/7
  2487 | D:2      | Reached skill level 5 in Invocations
  2709 | D:3      | Found a hazy altar of Hepliaklqana.
  3620 | D:3      | Found a burning altar of Makhleb.
  3975 | D:4      | Reached XP level 5. HP: 43/43 MP: 9/9
  3998 | D:4      | Noticed Edmund
  4115 | D:4      | HP: 1/43 [worm (6)]
  4116 | D:4      | Slain by a worm

Vanquished Creatures
  An iguana (D:4)
  5 adders (D:2)
  3 gnolls
  A dart slug (D:3)
  2 orcs (D:3)
  6 ball pythons
  2 endoplasms (D:1)
  5 giant cockroaches
  5 goblins
  5 hobgoblins
  2 quokkas
  6 bats
  6 frilled lizards (D:2)
  5 kobolds
  4 rats
58 creatures vanquished.

Vanquished Creatures (others)
  3 plants
3 creatures vanquished.

Grand Total: 61 creatures vanquished
